Map: [EWC] Oceanborn

Players

Solar

  • Race: Zerg Zerg
  • Spawn Location: 5:00

herO - Winner!

  • Race: Protoss Protoss
  • Spawn Location: 11:00

Event: Esports World Cup 2024

VOD

Have the link to the VOD?

Description

Time

  • Played on: Aug. 14, 2024, 11:43 a.m.
  • Length: 16:36

All games in this series

Show
View Real Time Build Order
Export as new Build Order

Solar Zerg 

Build Orders: Hatch First 

Get SALT Encoding   

  12  0:00  Drone  
  13  0:11  Overlord  
  13  0:17  Drone  
  14  0:35  Drone  
  15  0:41  Drone  
  16  0:48  Hatchery  
  15  0:51  Drone  
  15  0:56  Drone  
  17  0:58  Drone  
  18  1:11  Extractor  
  18  1:15  Spawning Pool  
  18  1:17  Drone  
  17  1:20  Drone  
  18  1:30  Drone  
  19  1:40  Drone  
  20  1:50  Overlord  
  20  2:03  Zergling x4, Queen x2  
  26  2:12  Drone x2  
  26  2:14  Metabolic Boost  
  28  2:23  Drone x2  
  30  2:37  Hatchery  
  30  2:42  Drone  
  30  2:46  Queen  
  30  2:51  Overlord  
  32  2:55  Drone x2  
  34  2:58  Drone  
  34  2:59  Drone  
  36  3:09  Queen  
  36  3:10  Drone x2  
  36  3:12  Drone  
  41  3:13  Zergling x2  
  41  3:17  Overlord  
  42  3:24  Queen  
  43  3:36  Zergling x8  
  43  3:38  Spore Crawler  
  45  3:42  Drone x3  
  45  3:43  Drone  
  45  3:48  Queen  
  50  3:51  Queen  
  50  3:52  Drone  
  50  3:55  Drone  
  53  3:58  Drone  
  53  4:01  Drone x2  
  55  4:04  Overlord  
  55  4:07  Drone  
  56  4:11  Drone x2  
  56  4:13  Drone  
  57  4:18  Overlord  
  57  4:19  Drone  
  57  4:25  Drone x3  
  57  4:28  Drone x3  
  57  4:29  Spore Crawler  
  57  4:30  Drone x2  
  64  4:32  Overlord  
  64  4:34  Drone  
  64  4:36  Overlord  
  65  4:43  Zergling x2, Evolution Chamber  
  65  4:45  Zergling x2  
  65  4:47  Zergling x2  
  65  4:51  Drone x2  
  65  4:52  Drone x2  
  70  4:53  Zergling x2  
  70  4:54  Zergling x4  
  73  5:00  Zergling x2  
  73  5:01  Zergling x8  
  78  5:10  Spore Crawler  
  78  5:12  Hatchery  
  78  5:14  Zerg Melee Weapons Level 1  
  76  5:15  Drone x2  
  76  5:16  Extractor  
  76  5:17  Drone  
  76  5:18  Drone x2  
  76  5:21  Drone  
  81  5:22  Drone  
  81  5:26  Overlord  
  82  5:30  Overlord  
  82  5:36  Overlord  
  82  5:38  Drone x2  
  82  5:39  Baneling Nest  
  82  5:41  Drone  
  81  5:44  Overlord  
  81  5:45  Drone x2  
  81  5:46  Drone x2  
  81  5:48  Drone  
  86  5:51  Lair  
  86  5:52  Drone x2  
  86  5:53  Drone x5, Extractor  
  86  5:55  Drone  
  86  5:56  Extractor  
  92  5:59  Zergling x6  
  95  6:05  Zergling x2  
  95  6:10  Zergling x2  
  95  6:11  Zergling x2  
  98  6:14  Overlord  
  98  6:22  Zergling x16  
  98  6:24  Overlord  
  106  6:28  Zergling x6  
  109  6:34  Zergling x6  
  109  6:39  Zergling x2  
  113  6:44  Zergling x4  
  113  6:46  Overlord  
  115  6:50  Queen  
  115  6:51  Zergling x14  
  123  6:56  Zergling x8  
  123  6:59  Infestation Pit  
  126  7:03  Zergling x6  
  127  7:09  Drone  
  127  7:11  Drone  
  127  7:14  Drone  
  122  7:16  Evolution Chamber  
  122  7:18  Drone, Zerg Melee Weapons Level 2  
  122  7:19  Drone x10  
  130  7:23  Overlord  
  130  7:24  Zergling x6  
  130  7:25  Centrifugal Hooks  
  130  7:28  Hatchery  
  130  7:29  Zergling x4  
  134  7:34  Spore Crawler, Extractor  
  134  7:36  Hive  
  131  7:37  Drone x2  
  131  7:39  Overlord x2  
  131  7:42  Zergling x4  
  135  7:46  Overseer  
  135  7:49  Zergling x12, Zerg Ground Armor Level 1  
  141  7:53  Overlord  
  141  7:55  Zergling x6  
  144  8:01  Baneling x5  
  144  8:02  Baneling x9  
  144  8:03  Baneling x2  
  144  8:04  Drone x3  
  144  8:10  Drone  
  144  8:11  Zergling x14  
  149  8:13  Drone x2  
  149  8:17  Zergling x6  
  149  8:19  Extractor  
  153  8:22  Overlord  
  153  8:26  Zergling x12  
  159  8:36  Zergling x8  
  159  8:41  Zergling x18  
  170  8:54  Zergling x14  
  166  8:56  Adrenal Glands  
  166  8:58  Ultralisk Cavern  
  166  9:01  Zergling x6  
  148  9:09  Zergling x18  
  144  9:15  Zergling x10  
  141  9:17  Overlord x2  
  141  9:18  Zergling x10  
  146  9:25  Zergling x2  
  146  9:26  Baneling x6  
  146  9:27  Baneling, Overseer  
  146  9:29  Zergling x8  
  151  9:32  Extractor  
  151  9:35  Zergling x2  
  151  9:37  Drone  
  151  9:38  Drone  
  153  9:42  Drone x3  
  156  9:45  Spine Crawler, Drone  
  156  9:47  Chitinous Plating  
  156  9:48  Zerg Ground Armor Level 2  
  156  9:50  Ultralisk x3  
  173  9:54  Zerg Melee Weapons Level 3  
  173  9:56  Drone  
  172  10:04  Ultralisk  
  172  10:05  Drone x4  
  172  10:06  Hatchery  
  180  10:10  Zergling x14  
  178  10:22  Baneling x11  
  178  10:23  Baneling x3  
  178  10:24  Overlord  
  178  10:26  Zergling x16  
  185  10:38  Ultralisk  
  185  10:39  Zergling x16  
  192  10:43  Zergling x12  
  192  10:44  Zergling x2  
  192  10:45  Zergling x2  
  184  10:55  Baneling x18  
  184  10:58  Zergling x14  
  191  11:06  Zergling x14, Anabolic Synthesis  
  197  11:13  Zergling x6  
  197  11:30  Spire  
  184  11:35  Zergling x8, Ultralisk  
  164  11:40  Zergling x38  
  155  11:51  Ultralisk x2  
  165  11:55  Zergling x2  
  165  11:56  Zergling x6  
  169  12:02  Baneling x7  
  169  12:03  Zergling x12  
  175  12:11  Zergling x2  
  175  12:14  Zergling x2, Ultralisk  
  175  12:15  Zergling x6  
  185  12:16  Extractor  
  179  12:23  Zergling x10  
  176  12:37  Zergling x20  
  176  12:38  Baneling x7  
  176  12:43  Zerg Flyer Armor Level 1  
  182  12:46  Corruptor x4  
  182  12:49  Corruptor  
  179  12:53  Zergling x8  
  168  13:00  Corruptor x2  
  151  13:06  Corruptor  
  151  13:10  Corruptor  
  154  13:14  Corruptor  
  154  13:16  Drone x2, Zergling x2, Extractor  
  154  13:17  Zergling x16  
  166  13:20  Zergling x2  
  166  13:26  Corruptor x2  
  166  13:27  Corruptor  
  167  13:30  Zergling x6  
  176  13:36  Zergling x2  
  176  13:40  Zergling x10  
  179  13:48  Ultralisk x2  
  179  13:49  Zergling x2  
  179  13:53  Zergling x6  
  195  13:56  Corruptor  
  195  13:59  Overseer  
  195  14:01  Zergling x4  
  199  14:06  Zergling x6  
  193  14:11  Zergling x12  
  192  14:17  Corruptor  
  192  14:21  Corruptor x4  
  192  14:23  Zergling x2  
  200  14:28  Zergling x2  
  200  14:31  Corruptor  
  198  14:33  Overseer, Pneumatized Carapace  
  198  14:34  Overseer  
  198  14:35  Overseer  
  200  14:42  Zergling x2  
  200  14:45  Baneling x2  
  199  14:52  Zergling x12  
  199  14:54  Zergling x2  
  199  14:55  Zergling x14  
  199  14:58  Zergling x2  
  196  15:07  Zergling x6  
  199  15:19  Hatchery  
  194  15:25  Zergling x20, Ultralisk x2  
  180  15:34  Ultralisk x4  
  163  15:36  Zergling x2  
  163  15:37  Zergling x6  
  163  15:38  Ultralisk  
  163  15:39  Zergling x6  
  172  15:48  Zergling x8  
  172  15:50  Baneling x12  
  172  15:51  Baneling x4  
  172  15:52  Zergling x4  
  173  15:57  Zergling x4  
  173  16:00  Zergling x8  
  175  16:08  Zergling x8  
Show
View Real Time Build Order
Export as new Build Order

herO Protoss - Winner!

Build Orders: 1 Gate Expand, Oracle Opening 

Get SALT Encoding   

  12  0:00  Probe  
  13  0:12  Probe  
  14  0:17  Pylon  
  14  0:24  Probe  
  15  0:35  Gateway  
  15  0:37  Probe (Chrono Boost)  
  16  0:43  Assimilator  
  16  0:49  Probe (Chrono Boost)  
  17  0:54  Probe (Chrono Boost)  
  18  1:04  Probe  
  19  1:16  Probe  
  20  1:23  Nexus  
  20  1:32  Cybernetics Core  
  20  1:35  Probe  
  21  1:41  Assimilator  
  21  1:47  Probe  
  21  1:52  Pylon  
  22  1:59  Probe  
  23  2:08  Adept (Chrono Boost)  
  23  2:11  Probe  
  26  2:19  Stargate  
  26  2:23  Probe  
  27  2:30  Adept  
  27  2:32  Warp Gate  
  27  2:35  Probe (Chrono Boost)  
  31  2:41  Probe (Chrono Boost)  
  32  2:45  Probe (Chrono Boost)  
  32  2:49  Probe (Chrono Boost)  
  32  2:50  Probe (Chrono Boost)  
  34  3:00  Adept, Probe  
  34  3:02  Oracle (Chrono Boost), Probe  
  41  3:12  Probe  
  42  3:13  Pylon  
  42  3:14  Probe  
  43  3:26  Probe x2  
  45  3:31  Oracle (Chrono Boost)  
  45  3:37  Adept  
  45  3:41  Probe x2  
  50  3:49  Nexus  
  50  3:52  Pylon  
  50  3:53  Probe x2  
  52  3:59  Assimilator  
  52  4:00  Assimilator  
  52  4:05  Probe x2  
  52  4:09  Twilight Council  
  52  4:17  Probe  
  52  4:18  Probe  
  52  4:20  Forge  
  52  4:23  Oracle  
  57  4:26  Gateway  
  57  4:27  Adept  
  57  4:31  Probe x2  
  61  4:43  Probe  
  61  4:44  Blink (Chrono Boost)  
  62  4:46  Pylon  
  62  4:48  Gateway x2  
  62  4:49  Protoss Ground Weapons Level 1 (Chrono Boost)  
  62  5:00  Probe x2  
  62  5:01  Probe  
  62  5:02  Stalker  
  67  5:12  Probe x2  
  67  5:13  Probe  
  70  5:16  Gateway  
  68  5:24  Probe x2  
  68  5:25  Probe  
  68  5:28  Stalker x2  
  75  5:31  Shield Battery  
  75  5:37  Probe x3  
  78  5:44  Stalker x2  
  78  5:46  Pylon  
  78  5:49  Probe x2, Pylon  
  85  5:50  Shield Battery, Probe  
  85  5:54  Photon Cannon  
  85  6:08  Stalker x4  
  85  6:10  Probe x2  
  85  6:11  Probe  
  96  6:13  Assimilator  
  96  6:17  Assimilator  
  96  6:18  Pylon x2  
  96  6:20  Charge (Chrono Boost)  
  96  6:30  Probe  
  96  6:32  Templar Archives  
  94  6:35  Stalker x3  
  94  6:37  Stalker x2  
  94  6:39  Protoss Ground Weapons Level 2 (Chrono Boost)  
  104  6:45  Gateway  
  104  6:46  Gateway  
  104  6:54  Probe  
  105  7:01  Stalker x2  
  105  7:05  Stalker x3  
  105  7:07  Psionic Storm  
  111  7:13  Probe x3  
  112  7:29  Nexus  
  112  7:31  Pylon  
  112  7:33  Pylon  
  112  7:35  High Templar x2  
  116  7:37  Pylon  
  116  7:38  Shield Battery  
  116  7:45  Probe  
  116  7:47  Pylon  
  116  7:49  Probe x2  
  119  7:51  High Templar x2  
  119  7:52  Zealot x3  
  129  8:00  Gateway, Probe  
  129  8:01  Probe x2  
  129  8:02  Gateway  
  132  8:06  Photon Cannon  
  132  8:07  Photon Cannon  
  130  8:14  Robotics Facility  
  130  8:15  Photon Cannon  
  130  8:17  Shield Battery  
  130  8:18  High Templar x2, Photon Cannon  
  132  8:20  Photon Cannon  
  132  8:30  Probe x3  
  132  8:32  Zealot  
  137  8:35  Assimilator  
  137  8:37  Assimilator  
  137  8:41  Zealot x2, High Templar x2  
  143  8:57  Zealot x3  
  143  8:58  Protoss Air Weapons Level 1  
  125  9:03  Archon  
  125  9:04  Archon  
  125  9:06  Stalker x2  
  125  9:08  Probe x4  
  129  9:11  Protoss Ground Weapons Level 3 (Chrono Boost)  
  129  9:17  Stalker  
  129  9:21  Fleet Beacon  
  129  9:22  Zealot  
  129  9:23  Zealot x5, Stargate  
  143  9:27  Photon Cannon  
  143  9:32  Stargate  
  143  9:35  High Templar, Pylon  
  143  9:36  Zealot  
  143  9:47  Immortal (Chrono Boost)  
  143  9:48  Shield Battery  
  143  9:49  Photon Cannon  
  143  9:51  Robotics Facility  
  147  9:58  Zealot x4, High Templar  
  157  10:09  Forge  
  149  10:14  Sentry  
  149  10:20  Carrier (Chrono Boost)  
  157  10:22  Carrier (Chrono Boost)  
  157  10:28  Zealot x6  
  169  10:42  Carrier (Chrono Boost)  
  169  10:44  Shield Battery  
  163  10:52  Immortal x2  
  167  10:58  Photon Cannon  
  169  11:05  Probe (Chrono Boost)  
  169  11:06  Probe (Chrono Boost)  
  169  11:07  Pylon  
  169  11:10  Pylon  
  169  11:11  Protoss Air Weapons Level 2 (Chrono Boost), Pylon  
  169  11:14  Protoss Ground Armor Level 1 (Chrono Boost)  
  169  11:17  Photon Cannon  
  169  11:19  Pylon  
  175  11:30  Stalker x4  
  179  11:34  Archon  
  179  11:35  Mothership  
  179  11:37  Stalker x5, Protoss Shields Level 1  
  156  11:49  Carrier (Chrono Boost)  
  156  11:52  Carrier (Chrono Boost)  
  160  11:59  Shield Battery  
  166  12:02  Zealot x2, High Templar  
  166  12:08  Gateway  
  172  12:12  Immortal (Chrono Boost), Photon Cannon  
  176  12:24  Immortal (Chrono Boost)  
  180  12:35  Photon Cannon  
  180  12:38  Shield Battery  
  180  12:41  Pylon  
  180  12:42  Pylon  
  180  12:46  Zealot  
  178  12:51  Zealot  
  176  13:00  Immortal x2 (Chrono Boost)  
  165  13:08  High Templar x5  
  165  13:09  High Templar  
  177  13:14  Archon x2  
  177  13:15  Archon  
  177  13:16  Stalker x4  
  185  13:29  Observer (Chrono Boost)  
  185  13:34  Nexus, Pylon  
  186  13:40  High Templar  
  186  13:41  Zealot x3, High Templar  
  192  13:45  Archon  
  192  13:47  Photon Cannon  
  196  13:49  Photon Cannon  
  196  13:51  Photon Cannon  
  196  13:54  Protoss Ground Armor Level 2 (Chrono Boost)  
  196  14:09  Protoss Shields Level 2 (Chrono Boost)  
  194  14:10  Zealot x3  
  191  14:23  Shield Battery  
  191  14:25  Shield Battery  
  191  14:27  Shield Battery, Photon Cannon  
  191  14:28  High Templar  
  191  14:29  High Templar, Photon Cannon x2  
  195  14:32  Zealot x2, Archon  
  195  14:33  Archon  
  199  14:48  Photon Cannon  
  199  14:49  Pylon  
  192  14:55  High Templar x3  
  192  14:58  Zealot  
  183  15:00  High Templar  
  183  15:02  Zealot  
  183  15:03  Zealot  
  183  15:05  Photon Cannon  
  183  15:06  Archon  
  189  15:07  Archon  
  189  15:10  Immortal (Chrono Boost)  
  189  15:11  Observer (Chrono Boost)  
  194  15:21  Zealot x3  
  144  15:32  Stalker x2  
  128  15:39  Stalker x2  
  129  15:53  Zealot x6  
  141  16:05  Zealot x4  
  114  16:21  Zealot x6  
  114  16:27  Zealot x4  
Tags
 
Add a new tag
Caveats
  • Supply blocks, unpowered buildings, or Contaminate may cause inaccurate times.
  • Supply counts are checked every 10 seconds.